 Dungeon Crawl Stone Soup version 0.25-a0-734-g73332ae (webtiles) character file.

Game seed: 9670781407967054278, levelgen mode: deterministic

630 JarJarBinks the Cudgeler (level 7, -7/61 HPs)
             Began as a Minotaur Fighter on Apr 10, 2020.
             Mangled by an orc warrior
             ... wielding a +0 halberd
              (19 damage)
             ... on level 5 of the Dungeon.
             The game lasted 00:08:01 (3416 turns).

JarJarBinks the Cudgeler (Minotaur Fighter)         Turns: 3416, Time: 00:08:02

Health: -7/61      AC:  7    Str: 20    XL:     7   Next: 24%
Magic:  6/6        EV:  9    Int:  5    God:
Gold:   187        SH: 10    Dex: 12    Spells: 6/6 levels left

rFire    . . .     SeeInvis .   a - +0 flail
rCold    . . .     Gourm    .   c - +0 kite shield
rNeg     . . .     Faith    .   b - +0 scale mail
rPois    .         Spirit   .   (helmet restricted)
rElec    .         Reflect  .   (no cloak)
rCorr    .         Harm     .   (no gloves)
MR       .....                  (no boots)
Stlth    ..........             (no amulet)
HPRegen  0.20/turn              (no ring)
MPRegen  0.10/turn              (no ring)

@: no status effects
A: retaliatory headbutt, horns 2
a: no special abilities


You were on level 5 of the Dungeon.
You were not hungry.

You visited 1 branch of the dungeon, and saw 5 of its levels.

You collected 187 gold pieces.

Inventory:

Hand Weapons
 a - a +0 flail (weapon)
Armour
 b - a +0 scale mail (worn)
 c - a +0 kite shield (worn)
Jewellery
 m - an uncursed ring of magical power {unknown}
 n - an uncursed ring of positive energy {unknown}
 s - a cursed ring of resist corrosion {unknown}
Wands
 t - a wand of acid (8)
Scrolls
 g - 3 scrolls of amnesia {unknown}
 j - 3 scrolls of identify
 k - 2 scrolls of remove curse {unknown}
 p - 3 scrolls of teleportation {unknown}
 q - a scroll of enchant armour {unknown}
 u - a scroll of enchant weapon {unknown}
Potions
 d - a potion of might
 e - a potion of lignification {unknown}
 h - 3 potions of brilliance {unknown}
 i - a potion of stabbing {unknown}
 l - 2 potions of magic {unknown}
 o - a potion of cancellation {unknown}
 r - a potion of heal wounds {unknown}
Comestibles
 f - 2 rations


   Skills:
 + Level 5.2 Fighting
 + Level 5.9 Maces & Flails
 + Level 5.2 Armour
 + Level 2.8 Dodging
 + Level 0.2 Stealth
 + Level 5.6 Shields


You had 6 spell levels left.
You didn't know any spells.
Your spell library contained the following spells:

 Spells                   Type           Power        Failure   Level  Hunger
 Magic Dart               Conj           #...         99%         1    ##.....
 Searing Ray              Conj           #.....       100%        2    ###....
 Dazzling Flash           Conj/Hex       #.....       100%        3    ####...
 Fulminant Prism          Conj/Hex       #.........   100%        4    #####..
 Iskenderun's Mystic Bla  Conj/Tloc      #.......     100%        4    #####..


Dungeon Overview and Level Annotations

Branches:
Dungeon (5/15)
 Temple: D:4-7

Altars:
Dithmenos
Qazlal
Sif Muna
Wu Jian

Shops:
D:4 [


Innate Abilities, Weirdness & Mutations

You reflexively headbutt those who attack you in melee.
You have a pair of horns on your head.


Message History

The orc warrior hits you with a +0 halberd!!
You hit the orc warrior.
The orc warrior is lightly wounded.
The orc warrior hits you with a +0 halberd!
You hit the orc warrior but do no damage.
The orc warrior is lightly wounded.
You block the orc warrior's attack.
You hit the orc warrior but do no damage.
You headbutt the orc warrior, but do no damage.
The orc warrior is lightly wounded.
You block the orc warrior's attack.
You hit the orc warrior. Your headbutt misses the orc warrior.
The orc warrior is lightly wounded.
The orc warrior hits you with a +0 halberd!
* * * LOW HITPOINT WARNING * * *
The orc warrior hits you from afar with a +0 halberd.
* * * LOW HITPOINT WARNING * * *
There is a stone staircase leading up, spattered with blood here.
The orc warrior hits you from afar with a +0 halberd!!
You die...

.......... ... #
#........ ..(. ..
#....... .... ...
#......# .....
....#......##.....
#.......##......
#.(...........#
#...$รท.@......#
####....)###..#
##..o.# #.......
#........
#....#.....
#...###.... ##..#
#... #... .#.


You could see an orc warrior.

Vanquished Creatures
  An ogre (D:4)
  A scorpion (D:4)
  A howler monkey (D:4)
  A vampire bat (D:3)
  A hound (D:5)
  2 orc priests (D:4)
  A bullfrog skeleton (D:2)
  4 worker ants
  4 gnolls (D:4)
  6 adders
  An adder skeleton (D:4)
  A worm (D:2)
  3 dart slugs
  3 leopard geckos
  5 orcs
  13 bats
  6 giant cockroaches
  6 hobgoblins
  10 jackals
  8 kobolds
  2 quokkas (D:3)
  2 ball pythons
  5 frilled lizards
  7 goblins
  A leopard gecko skeleton (D:4)
  10 rats
105 creatures vanquished.

Notes
Turn   | Place    | Note
-------+----------+-------------------------------------------
     0 | D:1      | JarJarBinks the Minotaur Fighter began the quest for the
                  | Orb.
     0 | D:1      | Reached XP level 1. HP: 19/19 MP: 0/0
    93 | D:1      | Reached XP level 2. HP: 26/27 MP: 1/1
   579 | D:1      | Reached XP level 3. HP: 33/33 MP: 2/2
  1041 | D:2      | Reached XP level 4. HP: 37/40 MP: 3/3
  1049 | D:2      | Found an ornate altar of the Wu Jian Council.
  1138 | D:2      | Found a shimmering blue altar of Sif Muna.
  1532 | D:3      | Reached skill level 1 in Dodging
  1577 | D:3      | Found a stormy altar of Qazlal.
  1728 | D:3      | Reached XP level 5. HP: 47/47 MP: 4/4
  1754 | D:3      | Found a shadowy altar of Dithmenos.
  2438 | D:4      | Reached skill level 5 in Shields
  2545 | D:4      | Reached XP level 6. HP: 47/53 MP: 5/5
  2587 | D:4      | Found a stormy altar of Qazlal.
  2630 | D:4      | Found Hupysm's Armour Emporium.
  2637 | D:4      | Reached skill level 5 in Maces & Flails
  2709 | D:4      | Reached skill level 5 in Armour
  2782 | D:4      | Reached XP level 7. HP: 50/60 MP: 6/6
  3031 | D:5      | Entered Level 5 of the Dungeon
  3046 | D:5      | Reached skill level 5 in Fighting
  3416 | D:5      | Mangled by an orc warrior

Levels and vault maps discovered:
D:1:      dpeg_arrival_brainrot, layout_basic
D:2:      layout_basic, nicolae_overflow_crystal_walls, lemuel_doored_altar,
          first_ration, minmay_misc_feat_ornament
D:3:      layout_basic, grunt_dithmenos_smoke_and_mirrors, roderic_batcave,
          grunt_qazlal_sundering
D:4:      layout_cave_pools, overflow_temple_1_default, serial_shops,
          nicolae_shop_crystal, kennysheep_generic_room_2
D:5:      minmay_bubble_buster, layout_cave_pools, old_standard_altar,
          tgw_fedhas

Skill      XL: |  1  2  3  4  5  6  7 |
---------------+----------------------+-----
Fighting       | 4 5 |  5.2
Armour         | 4 5 |  5.2
Shields        | 4 5 |  5.6
Maces & Flails | 3 4 5 |  5.9
Dodging        | 1 2 |  2.8
Stealth        | |  0.2

Action                   |  1- 3 |  4- 6 |  7- 9 || total
-------------------------+-------+-------+-------++-------
Melee: Flail             |    66 |   150 |    20 ||   236
       Headbutt          |    11 |    28 |     5 ||    44
  Use: Scroll            |     2 |       |       ||     2
  Eat: Chunk             |       |     3 |       ||     3
       Ration            |       |     1 |     1 ||     2
Armor: Scale mail        |    59 |    88 |     6 ||   153
Dodge: Dodged            |    32 |    74 |     8 ||   114
Block: Kite shield       |    54 |   129 |    14 ||   197

Table legend:
 A = Non-vault XP
 B = Vault XP
 C = Vault XP percentage of total XP
 D = Non-vault monster count
 E = Vault monster count
 F = Vault count percentage of total count
                 A         B        C        D         E       F
            +---------+---------+-------+---------+---------+-------
      Total |     820 |      81 |   9.0 |      95 |      10 |   9.5
            +---------+---------+-------+---------+---------+-------
        D:1 |      42 |       2 |   4.5 |      25 |       1 |   3.8
        D:2 |     121 |       0 |   0.0 |      23 |       0 |   0.0
        D:3 |      88 |      66 |  42.9 |      25 |       8 |  24.2
        D:4 |     524 |      13 |   2.4 |      20 |       1 |   4.8
        D:5 |      45 |       0 |   0.0 |       2 |       0 |   0.0
            +---------+---------+-------+---------+---------+-------
